 Dungeon Crawl Stone Soup version 0.30-a0-743-gbfdf073431 (webtiles) character file.

Game seed: 7938799028803305112

67 Newt the Trooper (level 3, 0/30 HPs)
             Began as a Demonspawn Gladiator on Feb 7, 2023.
             Slain by a giant cockroach (1 damage)
             ... on level 2 of the Dungeon.
             The game lasted 00:01:24 (1292 turns).

Newt the Trooper (Demonspawn Gladiator)             Turns: 1292, Time: 00:01:24

Health: 0/30       AC:  3    Str: 16    XL:     3   Next: 98%
Magic:  3/3        EV: 12    Int:  9    God:
Gold:   68         SH:  0    Dex: 14    Spells: 2/2 levels left

rFire   . . .      SeeInvis .    a - +3 rapier
rCold   . . .      Faith    .    (no shield)
rNeg    . . .      Spirit   .    b - +0 leather armour
rPois   .          Reflect  .    (helmet restricted)
rElec   .          Harm     .    (no cloak)
rCorr   .          Rampage  .    (no gloves)
Will    .....                    (no boots)
Stlth   +                        (no amulet)
HPRegen 0.25/turn                (no ring)
MPRegen 0.08/turn                (no ring)

@: very slow
A: horns 1, sturdy frame 1
a: no special abilities


You were on level 2 of the Dungeon.
You visited 1 branch of the dungeon, and saw 2 of its levels.

You collected 68 gold pieces.

Inventory:

Hand Weapons
 a - a +3 rapier (weapon)
Missiles
 d - 3 throwing nets (quivered)
 e - a javelin
Armour
 b - a +0 leather armour (worn)
 c - a +0 helmet
Jewellery
 k - a ring of willpower
Scrolls
 g - 2 scrolls of blinking
 h - a scroll of teleportation
Potions
 i - a potion of lignification {unknown}
 j - a potion of mutation {unknown}
 l - a potion of berserk rage {unknown}
 n - a potion of experience {unknown}
 o - a potion of attraction {unknown}


   Skills:
 + Level 3.9 Fighting
 - Level 2.6 Short Blades
 - Level 1.7 Throwing
 - Level 2.6 Dodging
 - Level 1.5 Stealth


You had 2 spell levels left.
You didn't know any spells.
Your spell library was empty.

Dungeon Overview and Level Annotations

Branches:
Dungeon (2/15)

Altars:


Innate Abilities, Weirdness & Mutations

You have a pair of small horns on your head.
Your movements are slightly less encumbered by armour. (ER -2)


Message History

You completely miss the adder. Your headbutt misses the adder.
The adder is severely wounded.
The giant cockroach bites you. The adder barely misses you.
The hobgoblin splashes around in the water.
The endoplasm hits you.
* * * LOW HITPOINT WARNING * * *
The giant cockroach barely misses you.
Your unstable footing causes you to fumble your attack.
The adder misses you. The endoplasm freezes you.
You are frozen.
* * * LOW HITPOINT WARNING * * *
The hobgoblin splashes around in the water.
The adder misses you. The giant cockroach closely misses you.
You feel better. The adder closely misses you. The giant cockroach bites you.
* * * LOW HITPOINT WARNING * * *
The endoplasm barely misses you. The hobgoblin barely misses you.
You closely miss the adder.
The adder is severely wounded.
The adder misses you. The giant cockroach closely misses you.
The endoplasm misses you. The hobgoblin closely misses you.
The adder barely misses you.
You hit the adder.
You kill the adder!
The giant cockroach completely misses you.
The hobgoblin splashes around in the water.
The endoplasm freezes you.
You are frozen.
* * * LOW HITPOINT WARNING * * *
The giant cockroach bites you.
* * * LOW HITPOINT WARNING * * *
Your unstable footing causes you to fumble your attack.
The hobgoblin hits you.
* * * LOW HITPOINT WARNING * * *
The endoplasm closely misses you.
The giant cockroach bites you but does no damage.
You hit the hobgoblin. You headbutt the hobgoblin.
You kill the hobgoblin!
The giant cockroach bites you.
You die...

...........#.#########...
####.#.##...########....
.....#§###§§............
......§§§§§§........#....
.#######§§§#§######.#....
##~~~~###§§..### # #....
#~~~~~~###.....# #.#....
.....~~.....##..........
......†@....# ####.#....
..~~..JB†...# #....
.~..~~..~....... #.##...
.~....~~.....### #.##...
..~~⌠........# #.##...
...⌠~~.......#####.##...
~~....~............##...
..~~..~.....#####...#...
...............


You could see an endoplasm and a giant cockroach.

Vanquished Creatures
  3 adders (D:2)
  A dart slug (D:1)
  5 bats
  3 endoplasms (D:1)
  2 giant cockroaches
  4 goblins (D:1)
  3 hobgoblins
  A quokka (D:1)
  6 ball pythons
  3 frilled lizards
  6 kobolds
  2 rats (D:1)
39 creatures vanquished.

Notes
Turn   | Place    | Note
-------+----------+-------------------------------------------
     0 | D:1      | Newt the Demonspawn Gladiator began the quest for the Orb.
     0 | D:1      | Reached XP level 1. HP: 16/16 MP: 1/1
    20 | D:1      | Reached skill level 1 in Stealth
   142 | D:1      | Gained mutation: You have a pair of small horns on your
                  | head. [demonic ancestry]
   142 | D:1      | Reached XP level 2. HP: 22/22 MP: 2/2
   557 | D:1      | Reached skill level 3 in Fighting
   602 | D:1      | Gained mutation: Your movements are slightly less
                  | encumbered by armour. (ER -2) [demonic ancestry]
   602 | D:1      | Reached XP level 3. HP: 25/29 MP: 3/3
  1291 | D:2      | HP: 1/30 [hobgoblin (1)]
  1292 | D:2      | Slain by a giant cockroach

Illustrated notes

Levels and vault maps discovered:
D:1:      onia_arrival_pyramid, layout_loops_cross, minmay_misc_feat_cross
D:2:      cheibrodos_helix_gallery, layout_basic, basic_altar

Skill      XL: |  1  2 |
---------------+-------+-----
Stealth        | 1 |  1.5
Fighting       | 3 |  3.9
Short Blades   | |  2.6
Throwing       | |  1.7
Dodging        | |  2.6

Action                     || total
---------------------------++-------
  Melee: Rapier            ||   113
         Headbutt          ||     8
    Use: Scroll            ||     9
         Potion            ||     1
   Stab: Sleeping          ||     6
 Armour: Leather armour    ||    29
  Dodge: Dodged            ||    87

Table legend: (Time is in decaauts)
 A = Elapsed time spent in this place.
 B = Non-inter-level travel time spent in this place.
 C = Inter-level travel time spent in this place.
 D = Time resting spent in this place.
 E = Time spent auto-exploring this place.
 F = Levels seen in this place.
 G = Mean time per level.
                   A        B        C        D        E       F      G
               +--------+--------+--------+--------+--------+-----+--------+
         Total |   1299 |   1268 |     31 |      0 |   1007 |   2 |  649.5 |
       Dungeon |   1299 |   1268 |     31 |      0 |   1007 |   2 |  649.5 |
               +--------+--------+--------+--------+--------+-----+--------+

Top non-repeatable levels by time:
     D:1: 848 daAuts
     D:2: 451 daAuts
